 Dungeon Crawl Stone Soup version 0.22-a0-422-g9628fc8 (webtiles) character file.

234 Jynxie the Sneak (level 5, -1/49 HPs)
             Began as a Deep Dwarf Assassin on May 21, 2018.
             Was an Initiate of Makhleb.
             Slain by a scorpion (3 damage)
             ... on level 4 of the Dungeon.
             The game lasted 00:23:39 (3256 turns).

Jynxie the Sneak (Deep Dwarf Assassin)              Turns: 3256, Time: 00:23:40

Health: -1/49      AC:  7    Str: 14 (15) XL:     5   Next: 75%
Magic:  3/3        EV: 12    Int:  8 (11) God:    Makhleb [......]
Gold:   38         SH:  3    Dex: 13 (15) Spells: 4/4 levels left

rFire    + . .     SeeInvis .   z - +2 dagger (venom)
rCold    . . .     Gourm    .   (no shield)
rNeg     . . .     Faith    .   y - +0 leather armour
rPois    .         Spirit   .   (no helmet)
rElec    .         Reflect  +   d - +0 cloak
rCorr    .         Harm     .   v - +2 pair of gloves
MR       .....                  (no boots)
Stlth    +++.......             t - +3 amulet of reflection
HPRegen  0.00/turn              m - ring of protection from fire
MPRegen  0.08/turn              (no ring)

@: non-regenerating
A: damage resistance, heal wounds, sense surroundings 1, no regeneration
a: Heal Wounds, Renounce Religion


You were on level 4 of the Dungeon.
You worshipped Makhleb.
Makhleb was noncommittal.
You were not hungry.

You visited 2 branches of the dungeon, and saw 5 of its levels.

You collected 173 gold pieces.
You spent 135 gold pieces at shops.

Inventory:

Hand Weapons
 a - a +5 dagger
 b - a +0 blowgun
 z - a +2 dagger of venom (weapon)
Missiles
 e - 8 poisoned needles (quivered)
 f - 2 curare-tipped needles
 j - 62 arrows
Armour
 c - a +0 robe
 d - a +0 cloak (worn)
 v - a +2 pair of gloves (worn)
 y - a +0 leather armour (worn)
Jewellery
 m - a ring of protection from fire (left hand)
 t - a +3 amulet of reflection (around neck)
 x - an uncursed ring of teleportation
Scrolls
 h - a scroll of amnesia {unknown}
 i - a scroll of enchant armour
 k - 2 scrolls of teleportation
 o - 4 scrolls of remove curse
 q - 2 scrolls of noise {unknown}
 r - 2 scrolls of identify
Potions
 l - 2 potions of might
 n - 2 potions of curing
 p - a potion of lignification
 s - a potion of agility {unknown}
 u - a potion of degeneration
Comestibles
 g - 5 rations


   Skills:
 * Level 3.3 Fighting
 * Level 3.2 Short Blades
 - Level 1.7 Throwing
 + Level 2.3 Dodging
 * Level 6.3 Stealth


You had 4 spell levels left.
You didn't know any spells.
Your spell library contained the following spells:

 Spells                   Type           Power        Failure   Level  Hunger
 Summon Ice Beast         Ice/Summ       #.......     99%         4    #####..
 Call Canine Familiar     Summ           #.......     86%         3    ####...
 Summon Butterflies       Summ           #.......     50%         1    ##.....
 Summon Hydra             Summ           #.........   100%        7    #######
 Summon Mana Viper        Hex/Summ       #.......     100%        5    ######.


Dungeon Overview and Level Annotations

Branches:
Dungeon (4/15)             Temple (1/1) D:4

Altars:
Ashenzari
Cheibriados
Dithmenos
Elyvilon
Fedhas
Hepliaklqana
Kikubaaqudgha
Makhleb
Nemelex Xobeh
Okawaru
Qazlal
Ru
Sif Muna
Trog
Uskayaw
Vehumet
Wu Jian
Xom
Yredelemnul
Zin
The Shining One

Shops:
D:4 ((

Annotations:
D:4 Robin


Innate Abilities, Weirdness & Mutations

You are resistant to damage.
You can heal yourself by infusing magical energy.
You passively map a small area around you.
You do not regenerate.


Message History

Makhleb accepts your kill.
Robin of the Strong Arm comes into view.
She is wielding a mace.
Okay, then.
You closely miss the scorpion. The hobgoblin misses you.
Robin says, "Duck!"
The scorpion stings you!
* * * LOW HITPOINT WARNING * * *
The gnoll completely misses you.
You fail to use your ability.
A goblin comes into view. It is wielding a club.
Robin roars a battlecry!
The goblins go into a battle-frenzy!
The hobgoblin hits you with a club.
* * * LOW HITPOINT WARNING * * *
The scorpion stings you.
* * * LOW HITPOINT WARNING * * *
The gnoll completely misses you.
The hobgoblin shouts!
The goblin shouts!
You fail to use your ability.
The scorpion stings you.
You die...

#.###..#.####.#
..# ##........#
### ##.####..#
# ####.# ##.##
#....# #..###
####.####
#....# ...#.#
#.##.# ##...#
#.##s# #####
#.##@# #.##g#
#.##g# #.
#g######
####.*#gg....#
,
......#g####.#
,
......ggg....#
,
#.#.#.#.#.#..#
....g.... #


You could see a scorpion, Robin, 2 gnolls, 2 hobgoblins and 4 goblins.

Vanquished Creatures
  An iguana (D:4)
  A worker ant (D:4)
  8 gnolls
  An adder (D:3)
  3 worms (D:2)
  3 dart slugs
  A leopard gecko (D:3)
  An orc (D:3)
  A ball python (D:2)
  4 giant cockroaches
  13 goblins
  9 hobgoblins
  12 kobolds
  3 quokkas
  8 bats
  4 frilled lizards
  16 rats
89 creatures vanquished.

Notes
Turn   | Place    | Note
-------+----------+-------------------------------------------
     0 | D:1      | Jynxie the Deep Dwarf Assassin began the quest for the Orb.
     0 | D:1      | Reached XP level 1. HP: 19/19 MP: 1/1
   213 | D:1      | Reached skill level 5 in Stealth
   245 | D:1      | Reached XP level 2. HP: 26/26 MP: 2/2
   938 | D:2      | Reached XP level 3. HP: 23/33 MP: 2/2
  1469 | D:3      | Reached XP level 4. HP: 18/40 MP: 3/3
  1975 | D:3      | Reached skill level 6 in Stealth
  1975 | D:3      | Reached XP level 5. HP: 18/48 MP: 3/3
  2693 | D:4      | Found Dirien's Antique Weapon Emporium.
  2732 | D:4      | Found Ilenoqel's Antique Weapon Shoppe.
  2740 | D:4      | Found a staircase to the Ecumenical Temple.
  2776 | D:4      | Bought a glowing dagger for 135 gold pieces
  2791 | Temple   | Entered the Ecumenical Temple
  2812 | Temple   | Became a worshipper of Makhleb the Destroyer
  3230 | D:4      | Found a white marble altar of Elyvilon.
  3252 | D:4      | Noticed Robin
  3255 | D:4      | HP: 2/49 [scorpion (5)]
  3256 | D:4      | Slain by a scorpion

Vault maps used:
D:1:      onia_arrival_larder, minmay_pentomino_r2
D:2:      first_ration, serial_park_tiny_pond
D:4:      minmay_temple_entry_trees, serial_shops, shop,
          nicolae_shop_behind_doors, elyvilon_altar_5, uniq_robin
Temple:   regret_index_temple_sigil_plot

Skill      XL: |  1  2  3  4  5 |
---------------+----------------+-----
Stealth        | 5 6 |  6.3
Fighting       | 2 3 |  3.3
Short Blades   | 2 3 |  3.2
Dodging        | 2 |  2.3
Throwing       | |  1.7

Action                   |  1- 3 |  4- 6 || total
-------------------------+-------+-------++-------
Melee: Dagger            |   155 |   122 ||   277
 Abil: Heal Wounds       |     2 |     4 ||     6
  Use: Scroll            |     5 |     3 ||     8
       Potion            |       |     3 ||     3
 Stab: Distracted        |     1 |       ||     1
       Sleeping          |     5 |     4 ||     9
  Eat: Chunk             |     1 |     5 ||     6
       Ration            |       |     1 ||     1
Armor: Robe              |    24 |    15 ||    39
       Leather armour    |       |     7 ||     7
Dodge: Dodged            |    72 |    62 ||   134
Block: Other             |       |     2 ||     2

Table legend:
 A = Spawn XP
 B = Non-spawn XP
 C = Spawn XP percentage of total XP
 D = Spawn monster count
 E = Non-spawn monster count
 F = Spawn count percentage of total count
 G = Total turns spent on level
                    A         B        C        D         E        F      G
               +---------+---------+-------+---------+---------+-------+---------
         Total |       0 |     335 |   0.0 |       0 |      89 |   0.0 |  3256
               +---------+---------+-------+---------+---------+-------+---------
           D:1 |       0 |      32 |   0.0 |       0 |      21 |   0.0 |   912
           D:2 |       0 |      56 |   0.0 |       0 |      28 |   0.0 |   540
           D:3 |       0 |     144 |   0.0 |       0 |      32 |   0.0 |  1099
           D:4 |       0 |     103 |   0.0 |       0 |       8 |   0.0 |   381
               +---------+---------+-------+---------+---------+-------+---------
